details: 'tryingest tryhard in the land of tryhardelves gets protod'

« prev index next »

General information

Mini Map

Players

team 1
NightElfravel (purple | 71 APM | 2964 actions | 41:47)
Hero icon 4 Demon Hunter
Ability icon 1 Immolation
Ability icon 2 Mana Burn
Ability icon 1 Evasion
Hero icon 3 Priestess of the Moon
Ability icon 1 Scout
Ability icon 2 Trueshot Aura

» actions
Assign group hotkey44
Build / train104
ESC pressed6
Enter build submenu48
Enter hero's abilities submenu7
Give item / drop item3
Right click1051
Select / deselect910
Select group hotkey654
Use ability137
2964 total
» units
Wisp47
Archer14
Huntress8
Hippogryph8
77 total
» upgrades
Improved Bows1
Moon Armor1
Hippogryph Taming1
Nature's Blessing2
Sentinel1
Abolish Magic1
Reinforced Hides1
Strength of the Wild1
Strength of the Moon2
11 total
» buildings
Altar of Elders2
Moon Well17
Ancient of War3
Hunter's Hall2
Tree of Life4
Tree of Ages2
Ancient Protector5
Ancient of Wind4
Ancient of Lore2
Tree of Eternity1
Ancient of Wonders1
43 total
» build order
00:07 Altar of Elders
00:11 Moon Well
00:34 Ancient of War
01:38 Moon Well
02:18 Hunter's Hall
02:53 Moon Well
03:59 Moon Well
04:59 Tree of Life
06:19 Tree of Ages
07:06 Ancient Protector
07:51 Ancient Protector
08:39 Ancient Protector
10:00 Ancient of Wind
10:13 Moon Well
10:25 Ancient of Lore
11:29 Ancient Protector
11:53 Moon Well
13:22 Ancient of War
13:44 Tree of Life
13:48 Ancient of War
14:45 Hunter's Hall
14:54 Moon Well
15:30 Moon Well
16:24 Ancient Protector
16:44 Tree of Ages
19:47 Ancient of Wind
20:03 Ancient of Wind
20:08 Ancient of Wind
20:19 Ancient of Lore
21:41 Moon Well
21:45 Moon Well
22:02 Moon Well
27:39 Altar of Elders
28:55 Tree of Eternity
29:20 Ancient of Wonders
30:24 Moon Well
36:41 Tree of Life
37:43 Moon Well
37:45 Moon Well
38:08 Moon Well
39:36 Tree of Life
39:48 Moon Well
41:17 Moon Well
» items
Boots of Speed1
Scroll of Healing2
Potion of Lesser Invulnerability1
4 total
team 2
HumanSantaBotAI (green | 73 APM | 3052 actions | 41:48)
Hero icon 6 Archmage
Ability icon 3 Blizzard
Ability icon 2 Brilliance Aura
Ability icon 1 Mass Teleport
Hero icon 4 Blood Mage
Ability icon 2 Flame Strike
Ability icon 1 Siphon Mana
Ability icon 1 Banish
Hero icon 1 Paladin
Ability icon 1 Divine Shield

» actions
Assign group hotkey73
Basic commands60
Build / train120
ESC pressed3
Enter build submenu47
Enter hero's abilities submenu11
Give item / drop item6
Right click1371
Select / deselect699
Select group hotkey396
Use ability266
3052 total
» units
Peasant13
Mortar Team6
Sorceress5
Dragonhawk Rider6
Siege Engine5
35 total
» upgrades
Gunpowder3
Sorceress Training2
Magic Sentry1
Flare1
Masonry3
Cloud1
Swords1
Barrage1
Plating2
15 total
» buildings
Altar of Kings1
Farm7
Scout Tower36
Arcane Vault2
Lumber Mill1
Arcane Tower4
Guard Tower14
Keep1
Blacksmith1
Workshop5
Arcane Sanctum2
Castle1
Gryphon Aviary3
Town Hall1
79 total
» build order
00:06 Altar of Kings
00:30 Farm
00:30 Farm
00:46 Scout Tower
00:55 Arcane Vault
01:08 Lumber Mill
01:46 Arcane Tower
01:46 Arcane Tower
02:00 Scout Tower
02:07 Scout Tower
02:29 Guard Tower
02:34 Scout Tower
02:36 Guard Tower
02:36 Guard Tower
03:19 Keep
03:20 Guard Tower
03:34 Scout Tower
04:36 Blacksmith
05:12 Guard Tower
06:08 Farm
06:29 Scout Tower
06:30 Scout Tower
06:41 Workshop
06:43 Workshop
06:47 Arcane Sanctum
06:50 Farm
07:01 Scout Tower
07:04 Arcane Sanctum
07:06 Guard Tower
07:07 Farm
08:09 Farm
08:10 Farm
11:15 Scout Tower
11:16 Scout Tower
11:42 Castle
13:17 Guard Tower
14:07 Gryphon Aviary
14:10 Gryphon Aviary
14:15 Gryphon Aviary
20:10 Scout Tower
20:11 Scout Tower
20:11 Scout Tower
20:47 Scout Tower
20:48 Scout Tower
20:48 Scout Tower
20:49 Guard Tower
21:17 Guard Tower
21:20 Town Hall
23:38 Scout Tower
24:23 Arcane Tower
24:57 Arcane Vault
25:01 Scout Tower
25:02 Scout Tower
25:03 Scout Tower
25:07 Scout Tower
25:08 Scout Tower
25:08 Scout Tower
25:09 Scout Tower
26:18 Arcane Tower
26:48 Guard Tower
26:50 Scout Tower
26:59 Scout Tower
27:50 Guard Tower
28:03 Guard Tower
28:50 Workshop
29:12 Workshop
29:15 Workshop
31:26 Scout Tower
31:27 Scout Tower
31:28 Scout Tower
31:28 Scout Tower
31:29 Scout Tower
31:30 Scout Tower
31:31 Scout Tower
31:32 Scout Tower
40:02 Scout Tower
40:04 Scout Tower
40:43 Guard Tower
» items
Lesser Clarity Potion6
Scroll of Regeneration10
Boots of Speed1
Potion of Healing7
Scroll of Town Portal4
Potion of Mana1
Staff of Teleportation2
Periapt of Vitality1
Staff of Sanctuary1
Mechanical Critter1
Potion of Lesser Invulnerability1
Potion of Invisibility1
36 total